 Dungeon Crawl Stone Soup version 0.31.0-11-ge490571c62 (webtiles) character file.

Game seed: 7392521706871893223

24 Ashen the Magician (level 2, -1/19 HPs)
             Began as a Mummy Fire Elementalist on Feb 9, 2024.
             Slain by a goblin
             ... wielding a +0 dagger
              (3 damage)
             ... on level 2 of the Dungeon.
             The game lasted 00:01:01 (732 turns).

Ashen the Magician (Mummy Fire Elementalist)         Turns: 732, Time: 00:01:01

Health: -1/19      AC:  2    Str: 11    XL:     2   Next: 79%
Magic:  2/6        EV: 12    Int: 14    God:
Gold:   109        SH:  0    Dex: 12    Spells: 6/7 levels left

rFire   x . .        (no weapon)
rCold   + . .        (no shield)
rNeg    + + +        a - +0 robe
rPois   ∞            (no helmet)
rElec   .            (no cloak)
rCorr   .            (no gloves)
SInv    .            (no boots)
Will    .....        (no amulet)
Stlth   ++           (no ring)
HPRegen 0.23/turn    (no ring)
MPRegen 0.10/turn

%: faith
@: no status effects
A: cold resistance 1, negative energy resistance 3, torment resistance 2, heat
vulnerability 1, in touch with death 1, no potions, faith
a: no special abilities


You were on level 2 of the Dungeon.
You visited 1 branch of the dungeon, and saw 2 of its levels.

You collected 109 gold pieces.

Inventory:

Armour
 a - a +0 robe (worn)
Scrolls
 b - a scroll of poison {unknown}
 c - a scroll of identify {unknown}


   Skills:
 + Level 1.8 Dodging
 + Level 1.9 Stealth
 + Level 3.0 Spellcasting
 + Level 1.2 Conjurations
 + Level 2.6 Fire Magic


You had 6 spell levels left.
You knew the following spells:

 Your Spells              Type           Power      Damage    Failure   Level
a - Foxfire               Conj/Fire      28%        2x1d5     10%         1

Your spell library contained the following spells:

 Spells                   Type           Power      Damage    Failure   Level
 Scorch                   Fire           18%        2d5       11%         2
 Inner Flame              Hex/Fire       5%         N/A       36%         3
 Volatile Blastmotes      Fire/Tloc      10%        2d10      36%         3
 Flame Wave               Conj/Fire      7%         2d5       67%         4


Dungeon Overview and Level Annotations

Branches:
Dungeon (2/15)

Altars:


Innate Abilities, Weirdness & Mutations

You are immune to poison.
Your flesh is cold resistant. (rC+)
You are immune to negative energy. (rN+++)
You are immune to unholy pain and torment.
You are vulnerable to heat. (rF-)
You are in touch with the powers of death.
You do not drink.
You have a special connection with the divine. (Faith)


Message History

The giant cockroach is moderately wounded.
The goblin hits you with a +0 dagger. The giant cockroach bites you.
The giant cockroach barely misses you.
A giant cockroach comes into view.
You hit the giant cockroach but do no damage.
The giant cockroach is moderately wounded.
The goblin closely misses you.
The giant cockroach bites you but does no damage.
The giant cockroach completely misses you.
You closely miss the giant cockroach.
The giant cockroach is moderately wounded.
The goblin barely misses you. The giant cockroach bites you.
The giant cockroach closely misses you.
You completely miss the giant cockroach.
The giant cockroach is moderately wounded.
The goblin barely misses you.
The giant cockroach closely misses you. x2
You hit the giant cockroach.
The giant cockroach is heavily wounded.
The giant cockroach closely misses you. The giant cockroach barely misses you.
The goblin hits you with a +0 dagger.
* * * LOW HITPOINT WARNING * * *
The giant cockroach completely misses you.
The giant cockroach barely misses you.
You hit the giant cockroach but do no damage.
The giant cockroach is heavily wounded.
The goblin completely misses you. The giant cockroach barely misses you.
The giant cockroach closely misses you.
You hit the giant cockroach.
The giant cockroach is severely wounded.
The goblin hits you but does no damage.
The giant cockroach bites you but does no damage.
The giant cockroach bites you.
* * * LOW HITPOINT WARNING * * *
You hit the giant cockroach.
You kill the giant cockroach!
The goblin hits you but does no damage.
The giant cockroach closely misses you. 3 giant cockroaches come into view.
Found a dagger.
The goblin attacks as it pursues you! The goblin hits you with a +0 dagger.
You die...

.###.. .....
.... ...## ..>#
### #..# )...
.#####..##.!.(.
.......@BB.....
..#####g#.).BB.
#...<.# .....
#.....#†.# ....
#.[.. #..# .B.
#... +... ..
#.. #..=. # #.
...... #
$......


You could see 5 giant cockroaches and a goblin.

Vanquished Creatures
  An adder (D:2)
  A dart slug (D:1)
  A ball python (D:1)
  2 bats (D:1)
  An endoplasm (D:1)
  2 giant cockroaches (D:2)
  2 goblins (D:1)
  A hobgoblin (D:1)
11 creatures vanquished.

Vanquished Creatures (others)
  18 foxfires
18 creatures vanquished.

Grand Total: 29 creatures vanquished

Notes
Turn   | Place    | Note
-------+----------+-------------------------------------------
     0 | D:1      | Ashen the Mummy Fire Elementalist began the quest for the
                  | Orb.
     0 | D:1      | Reached XP level 1. HP: 13/13 MP: 4/4
   185 | D:1      | Reached skill level 1 in Conjurations
   185 | D:1      | Reached XP level 2. HP: 9/19 MP: 0/5
   716 | D:2      | Reached skill level 3 in Spellcasting
   732 | D:2      | Slain by a goblin

Illustrated notes

Levels and vault maps discovered:
D:1:      onia_arrival_pyramid, layout_basic
D:2:      minmay_roachtagon, layout_basic, nicolae_grassy_gnolls

Skill      XL: |  1  2 |
---------------+-------+-----
Conjurations   | 1 |  1.2
Spellcasting   | 3 |  3.0
Dodging        | |  1.8
Stealth        | |  1.9
Fire Magic     | |  2.6

Action                     || total
---------------------------++-------
  Melee: Unarmed           ||    42
   Cast: Foxfire           ||    12
 Armour: Robe              ||    35
  Dodge: Dodged            ||    37
